 Dungeon Crawl Stone Soup version 0.31.0-11-ge490571c62 (webtiles) character file.

Game seed: 17701590179762535596

181 qw the Skirmisher (level 5, 0/29 HPs)
             Began as a Deep Elf Hunter on Feb 4, 2024.
             Slain by a hell rat (15 damage)
             ... in a sewer.
             The game lasted 00:00:09 (2383 turns).

qw the Skirmisher (Deep Elf Hunter)                 Turns: 2383, Time: 00:00:09

Health: 0/29       AC:  7    Str: 16    XL:     5   Next: 34%
Magic:  7/7        EV: 11    Int: 14    God:
Gold:   130        SH:  0    Dex: 18    Spells: 4/4 levels left

rFire   . . .        a - +1 shortbow
rCold   + . .        (shield currently unavailable)
rNeg    . . .        e - +0 ring mail
rPois   .            (no helmet)
rElec   .            (no cloak)
rCorr   .            (no gloves)
SInv    .            i - +1 pair of boots
Will    .....        (no amulet)
Stlth   +            d - ring of protection from cold
HPRegen 0.24/turn    c - +6 ring of strength
MPRegen 0.10/turn

%: no passive effects
@: very slow
A: no striking features
a: no special abilities


You were in a sewer.
You visited 1 branch of the dungeon, and saw 4 of its levels.
You also visited: Sewer.

You collected 130 gold pieces.


   Skills:
 - Level 1.5 Fighting
 + Level 8.8 Ranged Weapons
 - Level 2.4 Dodging
 - Level 1.2 Stealth


You had 4 spell levels left.
You didn't know any spells.
Your spell library was empty.

Inventory:

Hand Weapons
 a - a +1 shortbow (weapon)
Armour
 e - a +0 ring mail (worn)
 i - a +1 pair of boots (worn)
Jewellery
 c - a +6 ring of strength (right hand)
 d - a ring of protection from cold (left hand)
 Y - a ring of resist corrosion
Potions
 b - a potion of enlightenment {unknown}
 f - a potion of lignification {unknown}
 g - a potion of curing
 j - 2 potions of haste
 l - a potion of might {unknown}
 m - a potion of heal wounds {unknown}
 n - a potion of degeneration {unknown}

Dungeon Overview and Level Annotations

Branches:
Dungeon (4/15)             Temple (0/1) D:4           Sewer (1/1)

Altars:
Ru

Shops:
D:2 :


Message History

You kill the river rat!
A rat comes into view.
You shoot an arrow. The arrow hits the rat.
You kill the rat!
A rat comes into view.
You shoot an arrow. The rat squeaks loudly.
The arrow hits the rat.
You kill the rat!
You enter the shallow water.
Moving in this stuff is going to be slow.
You enter the shallow water.
Moving in this stuff is going to be slow.
You enter the shallow water.
Moving in this stuff is going to be slow.
You enter the shallow water.
Moving in this stuff is going to be slow.
You open the door.
A hell rat comes into view.
Found four items.
Found a gate leading back out of this place.
You shoot an arrow. The arrow hits the hell rat.
The hell rat roars deafeningly!
The hell rat is moderately wounded.
You enter the shallow water.
Moving in this stuff is going to be slow.
Found a scroll of amnesia and 2 scrolls labelled CUAFAFOSUJ.
You shoot an arrow.
The arrow hits the hell rat but does no damage.
The hell rat is moderately wounded.
You shoot an arrow.
The arrow hits the hell rat but does no damage.
The hell rat is moderately wounded.
You shoot an arrow. The arrow hits the hell rat.
The hell rat is moderately wounded.
The hell rat closely misses you. The hell rat bites you!
You shoot an arrow. The arrow closely misses the hell rat.
The hell rat bites you!
Ouch! That really hurt!
You die...

.~~..~. #%~%
~.## #~.~#
...# ##~.##~
~~## #.~~#.~.
~~~#
#..##!.~##~.#
#~~#!?~~~#..#
#\\#\?~~~r@~#
#.~#??~~.#..#
#~~##?~~##~~#
#~~.#~~ #...#
##~~## ##~~##
#.~~###~~~#
##.~~..~.##
#.~...~~#
###~~~###


You could see a hell rat.

Vanquished Creatures
  An orc wizard (D:3)
  A gnoll (D:1)
  3 river rats
  5 adders
  4 dart slugs
  A ribbon worm (D:2)
  5 orcs (D:3)
  6 bats
  2 endoplasms
  5 giant cockroaches
  A goblin (D:2)
  4 hobgoblins
  2 jackals (D:2)
  A quokka (D:1)
  6 ball pythons
  4 frilled lizards
  5 kobolds
  8 rats
64 creatures vanquished.

Notes
Turn   | Place    | Note
-------+----------+-------------------------------------------
     0 | D:1      | qw the Deep Elf Hunter began the quest for the Orb.
     0 | D:1      | Reached XP level 1. HP: 12/12 MP: 3/3
     0 | D:1      | 0 ||| qw: Version: 0.3-a-160-g6735b56
     0 | D:1      | 0 ||| qw: Game counter: 5407
     0 | D:1      | 0 ||| qw: Melee chars always use a shield: true
     0 | D:1      | 0 ||| qw: God list: Okawaru
     0 | D:1      | 0 ||| qw: Allow faded altars: false
     0 | D:1      | 0 ||| qw: Do Orc after clearing Dungeon:15 true
     0 | D:1      | 0 ||| qw: Do second Lair branch before Depths: true
     0 | D:1      | 0 ||| qw: Lair rune preference: random
     0 | D:1      | 0 ||| qw: Goals: Normal
     0 | D:1      | 0 ||| PLANNING D:1-11
   152 | D:1      | Reached XP level 2. HP: 16/16 MP: 4/4
   171 | D:1      | Reached skill level 6 in Ranged Weapons
   453 | D:1      | Found a faded altar of an unknown god.
   467 | D:1      | Reached XP level 3. HP: 7/20 MP: 5/5
   754 | D:1      | 754 ||| UPGRADING to +0 ring mail.
   764 | D:1      | 764 ||| DROPPING +0 leather armour.
   765 | D:1      | 765 ||| UPGRADING to +0 pair of boots.
   770 | D:1      | 770 ||| READING scroll labelled OBO TAH IVOAKH.
   771 | D:1      | 771 ||| READING scroll labelled MUOJIJ FUEME.
   771 | D:1      | 771 ||| IDENTIFYING sedimented brown potion
   772 | D:1      | 772 ||| READING scroll labelled WIODYCH CYESKA.
   773 | D:1      | 773 ||| DROPPING scroll of butterflies.
   774 | D:1      | 774 ||| DROPPING potion of attraction.
   807 | D:2      | Reached skill level 7 in Ranged Weapons
   819 | D:2      | Found a sacrificial altar of Ru.
   824 | D:2      | Found Wesevuv's Book Shoppe.
   950 | D:2      | Reached XP level 4. HP: 21/25 MP: 6/6
  1214 | D:2      | 1214 ||| UPGRADING to ring of protection from cold.
  1215 | D:2      | 1215 ||| UPGRADING to ring of resist corrosion.
  1216 | D:2      | 1216 ||| READING scroll of identify.
  1216 | D:2      | 1216 ||| IDENTIFYING yellow potion
  1217 | D:2      | 1217 ||| READING scroll labelled WIMIUQ WAOROTS.
  1218 | D:2      | 1218 ||| READING scroll labelled VOTZUUJ USIDGH.
  1218 | D:2      | 1218 ||| ENCHANTING +0 shortbow.
  1219 | D:2      | 1219 ||| DRINKING 2 bubbling amethyst potions.
  1220 | D:2      | 1220 ||| DROPPING potion of ambrosia.
  1493 | D:3      | Reached skill level 8 in Ranged Weapons
  2026 | D:3      | 2026 ||| READING scroll labelled UGARHE BETODO.
  2026 | D:3      | 2026 ||| ENCHANTING +0 pair of boots.
  2027 | D:3      | 2027 ||| READING 2 scrolls labelled DORELO YRIURHY.
  2028 | D:3      | 2028 ||| READING scroll labelled SODGHA VIRYS.
  2029 | D:3      | 2029 ||| DRINKING 3 green potions.
  2030 | D:3      | 2030 ||| DRINKING 2 murky purple potions.
  2031 | D:3      | 2031 ||| DROPPING scroll of fog.
  2032 | D:3      | 2032 ||| DROPPING potion of brilliance.
  2065 | D:4      | 2065 ||| PLANNING SEWER
  2097 | D:4      | Found a staircase to the Ecumenical Temple.
  2101 | D:4      | Reached XP level 5. HP: 29/29 MP: 7/7
  2252 | D:4      | Found a glowing drain.
  2346 | D:4      | 2346 ||| UPGRADING to +6 ring of strength.
  2353 | Sewer    | Entered a sewer
  2383 | Sewer    | Slain by a hell rat

Levels and vault maps discovered:
D:1:      mrwooster_arrival_statue_3, layout_loops_ring,
          ebering_ecumenical_altar_abandoned, corexii_leaking_fountain
D:2:      layout_rooms, basic_altar, serial_shops, shop
D:3:      layout_loops_ring, chequers_serial_rivers_large_a
D:4:      layout_loops_corners, minmay_temple_entry_mini_moons,
          portal_sewer_entry_c, abandoned_shop
Sewer:    sewer_hellmonk_bad_rat

Skill      XL: |  1  2  3  4 |
---------------+-------------+-----
Ranged Weapons | 6 7 8 |  8.8
Fighting       | |  1.5
Dodging        | |  2.4
Stealth        | |  1.2

Action                     |  1- 3 |  4- 6 || total
---------------------------+-------+-------++-------
   Fire: Shortbow          |    99 |   100 ||   199
    Use: Scroll            |     3 |     6 ||     9
         Potion            |       |     3 ||     3
 Armour: Leather armour    |    13 |       ||    13
         Ring mail         |    20 |    45 ||    65
  Dodge: Dodged            |    33 |    34 ||    67

Table legend:
 A = Non-vault XP
 B = Vault XP
 C = Vault XP percentage of total XP
 D = Non-vault monster count
 E = Vault monster count
 F = Vault count percentage of total count
                 A         B        C        D         E       F
            +---------+---------+-------+---------+---------+-------
      Total |     209 |      50 |  19.3 |      53 |      11 |  17.2
            +---------+---------+-------+---------+---------+-------
        D:1 |      49 |       0 |   0.0 |      19 |       0 |   0.0
        D:2 |      79 |       0 |   0.0 |      18 |       0 |   0.0
        D:3 |      57 |       0 |   0.0 |      10 |       0 |   0.0
        D:4 |      24 |      32 |  57.1 |       6 |       6 |  50.0
      Sewer |       0 |      18 | 100.0 |       0 |       5 | 100.0
            +---------+---------+-------+---------+---------+-------
